 Dungeon Sprint DCSS version 0.30-a0-965-g42e074c17a (webtiles) character file.

Game seed: 2678127323315993306

6113 fozzywoppz the Grappler (level 10, 0/114 HPs)
             Began as a Troll Fighter on Mar 30, 2023.
             Was a Believer of Jiyva.
             Slain by a demonic crawler (6 damage)
             ... in the Dungeon (Sprint VII: "The Pits").
             The game lasted 00:05:16 (678 turns).

fozzywoppz the Grappler (Troll Fighter)              Turns: 678, Time: 00:05:16

Health: 0/114      AC: 12    Str: 31    XL:     10   Next: 58%
Magic:  9/9        EV: 12    Int:  4    God:    Jiyva [**....]
Gold:   0          SH: 11    Dex: 11    Spells: 9/9 levels left

rFire   . . .      SeeInvis .      - Unarmed
rCold   . . .      Faith    .    b - +0 kite shield
rNeg    . . .      Spirit   .    i - +0 acid dragon scales
rPois   .          Reflect  .    (helmet restricted)
rElec   .          Rampage  .    (no cloak)
rCorr   +          NoTele   +    (gloves unavailable)
Will    .....                    (boots unavailable)
Stlth   +                        (no amulet)
HPRegen 2.15/turn                m - +3 ring of protection
MPRegen 0.41/turn                n - +3 ring of strength

@: no status effects
A: large, unfitting armour, claws 3, regeneration 1, shaggy fur 1, tough skin 1
a: Renounce Religion


You were in the Dungeon.
You worshipped Jiyva.
Jiyva was pleased with you.
You visited 1 branch

Inventory:

Armour
 a - a +0 robe
 b - a +0 kite shield (worn)
 i - +0 acid dragon scales (worn)
Jewellery
 m - a +3 ring of protection (left claw)
 n - a +3 ring of strength (right claw)
Scrolls
 k - 5 scrolls of amnesia
 l - a scroll of butterflies
Potions
 c - 3 potions of might
 d - 5 potions of curing
 e - 9 potions of heal wounds
 f - a potion of haste
 g - 4 potions of magic
 h - 4 potions of berserk rage
 j - 2 potions of invisibility
 o - a potion of resistance


   Skills:
 + Level 11.4 Fighting
 + Level 5.5 Armour
 + Level 11.4 Dodging
 - Level 10.0 Shields
 + Level 13.2 Unarmed Combat


You had 9 spell levels left.
You didn't know any spells.
Your spell library was empty.

Dungeon Overview and Level Annotations

Branches:
Dungeon (1/1)

Altars:
Cheibriados
Dithmenos
Elyvilon
Fedhas
Gozag
Hepliaklqana
Makhleb
Nemelex Xobeh
Okawaru
Qazlal
Ru
Sif Muna
Trog
Vehumet
Wu Jian
Xom
Yredelemnul
Zin
The Shining One
Jiyva
Lugonu


Innate Abilities, Weirdness & Mutations

You are too large for most types of armour.
You have claws for hands.
Your natural rate of healing is unusually fast.
You are covered in fur. (AC +1)
You have tough skin. (AC +1)


Message History

You block the efreet's attack.
You scratch the efreet.
The efreet is lightly wounded.
You barely miss the efreet.
The efreet is lightly wounded.
You feel yourself slow down. You block the efreet's attack.
You scratch the efreet.
The efreet is lightly wounded.
The efreet hits you with a +1 scimitar of flaming!
* * * LOW HITPOINT WARNING * * *
The efreet burns you.
* * * LOW HITPOINT WARNING * * *
You claw the efreet!
The efreet is heavily wounded.
A fire elemental comes into view.
You block the demonic crawler's attack. The demonic crawler hits you.
* * * LOW HITPOINT WARNING * * *
The demonic crawler hits you.
* * * LOW HITPOINT WARNING * * *
The efreet hits you with a +1 scimitar of flaming!!
* * * LOW HITPOINT WARNING * * *
The efreet burns you.
* * * LOW HITPOINT WARNING * * *
You scratch the efreet.
The efreet is heavily wounded.
The demonic crawler barely misses you. The demonic crawler misses you.
The demonic crawler hits you but does no damage.
The efreet closely misses you. You block the demonic crawler's attack.
The demonic crawler hits you but does no damage.
The demonic crawler misses you.
You mangle the efreet!!
You kill the efreet!
You block the demonic crawler's attack. x2; The demonic crawler hits you!
* * * LOW HITPOINT WARNING * * *
You see here a +1 scimitar of flaming.
Unknown command.
You barely miss the demonic crawler. The demonic crawler closely misses you.
The demonic crawler hits you.
You die...

.##..##..##.##)....#.
.##..##.##...##...###
.##..####.....##.##.# #
.##...##......#...#ā—‹#...
###....'......'...Ā°.ā—‹...
###...##......#.Eā—‹#.#...
[##..####.....##.##.# #
[##..##.##...##.s.###
)##..##..##.##..@..# )##..#
#..#.#.........# )##..#
#))....###...## ######
######## ####


You could see a demonic crawler and a fire elemental.

Vanquished Creatures
  Erolcha (D)
  A merfolk avatar (D)
  A phantasmal warrior (D)
  A manticore (D)
  2 efreet (D)
  A polar bear (D)
  A merfolk (D)
  6 dream sheep (D)
  Sigmund (D)
  A wraith (D)
  2 small abominations (D)
  A basilisk (D)
  4 vampire mosquitoes (D)
  3 acid dragons (D)
  A sky beast (D)
  An ice beast (D)
  An ogre (D)
  2 centaurs (D)
  A bullfrog (D)
  A gnoll sergeant (D)
  3 scorpions (D)
  3 wights (D)
  An iron imp (D)
  2 gnolls (D)
  2 ufetubi (D)
  A worm (D)
  A giant cockroach (D)
  A goblin (D)
  A hobgoblin (D)
  A jackal (D)
  A ball python (D)
  A frilled lizard (D)
51 creatures vanquished.

Vanquished Creatures (others)
  A lich (D)
  2 acid blobs (D)
  2 rockslimes (D)
  2 azure jellies (D)
  3 great orbs of eyes (D)
  A golden eye (D)
  2 floating eyes (D)
  14 jellies (D)
  An orc wizard (D)
28 creatures vanquished.

Grand Total: 79 creatures vanquished

Notes
Turn   | Place    | Note
-------+----------+-------------------------------------------
     0 | D        | fozzywoppz the Troll Fighter began the quest for the Orb.
     0 | D        | Reached XP level 1. HP: 22/22 MP: 0/0
     9 | D        | Noticed a scorpion
    18 | D        | Killed a scorpion
    19 | D        | Reached skill level 4 in Unarmed Combat
    19 | D        | Reached XP level 2. HP: 9/32 MP: 1/1
    19 | D        | Reached XP level 3. HP: 11/39 MP: 2/2
    49 | D        | Found a bloodstained altar of Trog.
    49 | D        | Found a shimmering blue altar of Sif Muna.
    49 | D        | Found a viscous altar of Jiyva.
    49 | D        | Found a hazy altar of Hepliaklqana.
    49 | D        | Found an opulent altar of Gozag.
    50 | D        | Found a glowing golden altar of the Shining One.
    50 | D        | Found a glowing silver altar of Zin.
    50 | D        | Found a basalt altar of Yredelemnul.
    50 | D        | Found a shimmering altar of Xom.
    50 | D        | Found an ornate altar of the Wu Jian Council.
    50 | D        | Found a sacrificial altar of Ru.
    50 | D        | Found a stormy altar of Qazlal.
    50 | D        | Found an iron altar of Okawaru.
    50 | D        | Found a sparkling altar of Nemelex Xobeh.
    50 | D        | Found a burning altar of Makhleb.
    50 | D        | Found a blossoming altar of Fedhas.
    50 | D        | Found a white marble altar of Elyvilon.
    50 | D        | Found a shadowy altar of Dithmenos.
    50 | D        | Found a snail-covered altar of Cheibriados.
    51 | D        | Found a radiant altar of Vehumet.
    51 | D        | Found a corrupted altar of Lugonu.
    54 | D        | Became a worshipper of Jiyva Jyjusuke the Shapeless
    57 | D        | Killed a great orb of eyes
    58 | D        | Killed a great orb of eyes
    58 | D        | Killed an acid blob
    59 | D        | Killed a rockslime
    61 | D        | Killed a great orb of eyes
    61 | D        | Killed a rockslime
    67 | D        | Killed a golden eye
    68 | D        | Killed a lich
    79 | D        | Killed an azure jelly
    82 | D        | Killed an azure jelly
   101 | D        | Killed a floating eye
   103 | D        | Reached XP level 4. HP: 18/48 MP: 3/3
   122 | D        | Killed an acid blob
   192 | D        | Noticed an ogre
   192 | D        | Noticed a sky beast
   192 | D        | Noticed a scorpion
   198 | D        | Killed an ogre
   199 | D        | Reached skill level 5 in Fighting
   199 | D        | Reached skill level 5 in Dodging
   199 | D        | Reached skill level 5 in Shields
   199 | D        | Reached skill level 5 in Unarmed Combat
   199 | D        | Reached XP level 5. HP: 36/57 MP: 4/4
   202 | D        | Reached skill level 6 in Unarmed Combat
   205 | D        | Killed a sky beast
   206 | D        | Reached XP level 6. HP: 38/67 MP: 5/5
   207 | D        | Reached skill level 7 in Unarmed Combat
   246 | D        | Reached * piety under Jiyva
   255 | D        | Reached XP level 7. HP: 74/76 MP: 6/6
   259 | D        | Reached skill level 8 in Unarmed Combat
   268 | D        | Noticed a polar bear
   268 | D        | Noticed a dream sheep
   268 | D        | Noticed a dream sheep
   268 | D        | Noticed a dream sheep
   268 | D        | Noticed a dream sheep
   268 | D        | Noticed a dream sheep
   275 | D        | Noticed a dream sheep
   279 | D        | Killed a dream sheep
   292 | D        | Killed a polar bear
   293 | D        | Reached skill level 9 in Unarmed Combat
   293 | D        | Reached XP level 8. HP: 35/88 MP: 7/7
   295 | D        | Killed a dream sheep
   298 | D        | Killed a dream sheep
   301 | D        | HP: 1/89 [dream sheep (17)]
   302 | D        | Killed a dream sheep
   303 | D        | Reached skill level 10 in Unarmed Combat
   307 | D        | Killed a dream sheep
   315 | D        | Killed a dream sheep
   446 | D        | Reached XP level 9. HP: 85/98 MP: 8/8
   465 | D        | Reached skill level 10 in Shields
   466 | D        | HP: 4/98 [acid dragon (9)]
   466 | D        | HP: 1/98 [acid dragon (3)]
   489 | D        | Reached ** piety under Jiyva
   506 | D        | Noticed a manticore
   526 | D        | Killed a manticore
   527 | D        | Reached skill level 11 in Unarmed Combat
   534 | D        | Reached skill level 10 in Fighting
   534 | D        | Reached skill level 10 in Dodging
   558 | D        | Noticed a merfolk
   562 | D        | Reached skill level 1 in Armour
   564 | D        | Killed a merfolk
   586 | D        | Reached skill level 12 in Unarmed Combat
   590 | D        | Noticed an efreet
   598 | D        | Killed an efreet
   599 | D        | Reached XP level 10. HP: 94/111 MP: 9/9
   600 | D        | Noticed Sigmund
   602 | D        | Noticed Erolcha
   602 | D        | Noticed a merfolk avatar
   602 | D        | Noticed a phantasmal warrior
   605 | D        | Killed Sigmund
   610 | D        | Killed a phantasmal warrior
   618 | D        | HP: 3/111 [something (33)]
   625 | D        | Killed a merfolk avatar
   630 | D        | Killed Erolcha
   631 | D        | Reached skill level 5 in Armour
   631 | D        | Reached skill level 13 in Unarmed Combat
   633 | D        | HP: 2/114 [acid dragon/splash of acid (11)]
   669 | D        | Noticed a demonic crawler
   676 | D        | HP: 2/114 [demonic crawler (8)]
   678 | D        | Slain by a demonic crawler

Illustrated notes

Levels and vault maps discovered:
D:        pitsprint [storerooms_1, entrance_room_1, metal_vault_3, armoury_2,
          mini_pit_1, grid_room_1, main_hall_1, silver_pit, the_coven_1,
          the_vestibule_1, steel_vault_2, golden_pit, hallway_of_sentries,
          crystal_vault_5, iron_vault_4, final_vault]

Skill      XL: |  1  2  3  4  5  6  7  8  9 10 |
---------------+-------------------------------+-----
Fighting       | 3 4 5 6 7 9 10 11 | 11.4
Dodging        | 3 4 5 6 7 9 10 11 | 11.4
Shields        | 4 5 6 7 8 9 10 | 10.0
Unarmed Combat | 4 5 6 7 9 10 12 13 | 13.2
Armour         | 3 5 |  5.5

Action                     |  1- 3 |  4- 6 |  7- 9 | 10-12 || total
---------------------------+-------+-------+-------+-------++-------
  Melee: Unarmed           |    18 |    42 |    94 |    39 ||   193
    Use: Potion            |       |       |     4 |     3 ||     7
         Scroll            |       |       |     1 |       ||     1
   Stab: Sleeping          |       |     1 |       |       ||     1
 Armour: Robe              |     1 |     5 |    18 |       ||    24
         Acid dragon scale |       |       |    10 |    11 ||    21
  Dodge: Dodged            |    14 |    15 |    54 |    17 ||   100
  Block: Kite shield       |     2 |    12 |    59 |    15 ||    88

Table legend: (Time is in decaauts)
 A = Elapsed time spent in this place.
 B = Non-inter-level travel time spent in this place.
 C = Inter-level travel time spent in this place.
 D = Time resting spent in this place.
 E = Time spent auto-exploring this place.
 F = Levels seen in this place.
 G = Mean time per level.
                   A        B        C        D        E       F      G
               +--------+--------+--------+--------+--------+-----+--------+
         Total |    670 |    670 |      0 |    125 |      3 |   1 |  670.0 |
       Dungeon |    670 |    670 |      0 |    125 |      3 |   1 |  670.0 |
               +--------+--------+--------+--------+--------+-----+--------+

Top non-repeatable levels by time:
       D: 670 daAuts
